 Dungeon Crawl Stone Soup version 0.16.2-3-ga078185 (webtiles) character file.

53 gorblad the Firebug (level 3, -2/27 HPs)
             Began as a Draconian Fire Elementalist on Sept 6, 2015.
             Slain by an adder (4 damage)
             ... on level 2 of the Dungeon.
             The game lasted 00:08:15 (1536 turns).

gorblad the Firebug (Draconian Fire Elementalist)   Turns: 1536, Time: 00:08:16

Health: -2/27      AC:  5    Str: 10    XL:     3   Next: 62%
Magic:  2/6        EV: 11    Int: 16    God:
Gold:   57         SH:  0    Dex: 11    Spells: 3 memorised, 1 level left

rFire  . . .     SeeInvis .     d - +0 short sword
rCold  . . .     Clarity  .     (armour unavailable)
rNeg   . . .     SustAb   .     (no shield)
rPois  .         Gourm    .     (helmet restricted)
rElec  .         Spirit   .     (no cloak)
rCorr  .         Warding  .     (no gloves)
rMut   .         Stasis   .     (no boots)
MR     .....                    (no amulet)
Stlth  +.........               (no ring)
                                (no ring)

@: lethally poisoned (-2 -> -12), very slightly contaminated, heavily drained,
not resistant to hostile enchantments, very unstealthy
A: unfitting armour, cold-blooded, AC +5
a: no special abilities


You were on level 2 of the Dungeon.
You were not hungry.

You visited 1 branch of the dungeon, and saw 2 of its levels.

You collected 57 gold pieces.

Inventory:

Hand weapons
 d - a +0 short sword (weapon)
 k - a +1 dagger of draining
Magical devices
 j - a wand of slowing (8)
Scrolls
 e - a scroll of fear {unknown}
 f - a scroll of immolation {unknown}
 h - a scroll of enchant weapon {unknown}
 i - a scroll of amnesia {unknown}
 l - a scroll of blinking {unknown}
 m - a scroll of remove curse {unknown}
 n - a scroll of recharging {unknown}
Potions
 a - 2 potions of agility {unknown}
 o - a potion of curing {unknown}
Books
 b - a book of Flames

   Spells                             Type                      Level
   a - Flame Tongue                   Conjuration/Fire             1
   b - Throw Flame                    Conjuration/Fire             2
   c - Conjure Flame                  Conjuration/Fire             3
   d - Inner Flame                    Hexes/Fire                   3
   e - Sticky Flame                   Conjuration/Fire             4
   f - Fireball                       Conjuration/Fire             5
Comestibles
 c - a bread ration
 g - 2 meat rations
 p - a chunk of flesh


   Skills:
 + Level 0.4(0.0) Fighting
 + Level 2.4(1.1) Dodging
 + Level 1.8(0.6) Stealth
 + Level 2.5(1.3) Spellcasting
 + Level 1.3(0.1) Conjurations
 + Level 3.5(2.2) Fire Magic


You had one spell level left.
You knew the following spells:

 Your Spells              Type           Power        Failure   Level  Hunger
a - Flame Tongue          Conj/Fire      #....        14%         1    ##.....
b - Throw Flame           Conj/Fire      #.....       21%         2    ###....
c - Conjure Flame         Conj/Fire      #.......     38%         3    ####...


Dungeon Overview and Level Annotations

Branches:
Dungeon (2/15)

Altars:
Gozag


Innate Abilities, Weirdness & Mutations

Your plain brown scales are hard (AC +5).
Your body does not fit into most forms of armour.
Your cold-blooded metabolism reacts poorly to cold.


Message History

The adder bites you.
* * * LOW HITPOINT WARNING * * *
You are lethally poisoned!
The adder poisons you!
You are too injured to fight recklessly!
You are too injured to fight recklessly!
You are too injured to fight recklessly!
You are too injured to fight recklessly!
You are too injured to fight recklessly!
You are too injured to fight recklessly!
You are too injured to fight recklessly!
You are too injured to fight recklessly!
You closely miss the adder. The adder bites you.
* * * LOW HITPOINT WARNING * * *
You are more poisoned.
The adder poisons you!
You miss the adder.
* * * LOW HITPOINT WARNING * * *
You feel sick. The adder bites you.
You die...

.# .### #..... #..#
...# ####). #..# #..
#....# #..##
#.##.#### #.$#
#..#.####
#####.#####.......
##........>รท.######
#..........### #
#.@S.......# #
##........## #
########## # # #


You could see an adder.

Vanquished Creatures
  Ijyb (D:2)
  A worm (D:2)
  2 bats (D:1)
  8 hobgoblins
  4 jackals (D:1)
  3 goblins
  3 kobolds
  6 rats
28 creatures vanquished.

Notes
Turn   | Place    | Note
--------------------------------------------------------------
     0 | D:1      | gorblad, the Draconian Fire Elementalist, began the quest for the Orb.
     0 | D:1      | Reached XP level 1. HP: 14/14 MP: 3/3
   290 | D:1      | Reached XP level 2. HP: 11/20 MP: 0/4
  1017 | D:2      | Noticed Ijyb
  1033 | D:2      | Killed Ijyb
  1033 | D:2      | Reached XP level 3. HP: 6/26 MP: 0/6
  1358 | D:2      | Found an opulent altar of Gozag.
  1423 | D:2      | Learned a level 2 spell: Throw Flame
  1429 | D:2      | Learned a level 3 spell: Conjure Flame
  1536 | D:2      | Slain by an adder

Action                   || total
-------------------------++-------
Melee: Unarmed           ||    14
       Short sword       ||    47
       Dagger            ||     2
 Cast: Flame Tongue      ||    42
       Throw Flame       ||     2
  Eat: Bread ration      ||     1
